 Dungeon Crawl Stone Soup version 0.25-a0-890-g62861fb195 (webtiles) character file.

Game seed: 12932873977292009735, levelgen mode: deterministic

108972 Glorfindel the Unseen (level 16, 73/73 HPs)
             Began as a Felid Conjurer on May 1, 2020.
             Was the Champion of Vehumet.
             Got out of the dungeon alive.
             The game lasted 07:33:52 (53095 turns).

Glorfindel the Unseen (Felid Conjurer)             Turns: 53095, Time: 07:33:53

Health: 73/73      AC:  7    Str:  7    XL:     16   Next: 3%
Magic:  43/43      EV: 30    Int: 23    God:    Vehumet [******]
Gold:   929        SH:  0    Dex: 17    Spells: 2/41 levels left
                                        Lives:  0   Deaths: 2

rFire    . . .     SeeInvis +   (weapon unavailable)
rCold    + . .     Gourm    .   (shield unavailable)
rNeg     . . .     Faith    .   (armour unavailable)
rPois    +         Spirit   .   (helmet unavailable)
rElec    +         Reflect  .   (cloak unavailable)
rCorr    .         Harm     .   (gloves unavailable)
MR       +....                  (boots unavailable)
Stlth    +++++++...             U - amulet of Uskayaw's Hope {rElec rPois MR- Regen+ Str+3, !P}
HPRegen  0.62/turn              j - +4 ring of protection {=R}
MPRegen  0.28/turn              w - ring of magical power

@: quick
A: very small, no armour, no weapons or thrown items, stealth, claws 1, fangs 3,
see invisible, carnivore, speed 1, shaggy fur 3, slow metabolism 1, sharp paws
a: Renounce Religion


You escaped.
You worshipped Vehumet.
Vehumet was exalted by your worship.
You were not hungry.

You visited 8 branches of the dungeon, and saw 33 of its levels.
You also visited: Sewer, Ossuary, Bailey and Volcano.

You collected 5604 gold pieces.
You spent 4675 gold pieces at shops.

Inventory:

Missiles
 k - 56 arrows
Jewellery
 c - an uncursed ring of protection from cold
 f - an uncursed ring of protection from fire
 j - a +4 ring of protection (left paw) {=R}
 n - an uncursed ring of positive energy
 o - an uncursed ring of resist corrosion
 p - an uncursed ring of poison resistance
 w - a ring of magical power (right paw)
 R - an uncursed amulet of regeneration
 U - the amulet of Uskayaw's Hope (around neck) {rElec rPois MR- Regen+ Str+3, !P}
   (You acquired it on level 1 of the Shoals)

   [amulet of regeneration]

   It affects your strength (+3).
   It insulates you from electricity.
   It protects you from poison.
   It affects your resistance to hostile enchantments.
   It increases your rate of regeneration.
Wands
 B - a wand of iceblast (3)
 E - a wand of polymorph (7)
 H - a wand of flame (49)
 Q - a wand of paralysis (4)
Scrolls
 a - a scroll of blinking
 d - 4 scrolls of fog
 e - 6 scrolls of immolation {!r}
 g - 12 scrolls of remove curse
 l - 4 scrolls of amnesia
 q - a scroll of magic mapping {!r}
 v - 2 scrolls of fear
 y - 5 scrolls of teleportation
 M - 3 scrolls of holy word
 O - 2 scrolls of summoning {!r}
 V - 7 scrolls of identify
Potions
 m - 2 potions of curing
 r - 6 potions of might
 s - 4 potions of ambrosia {!q}
 t - 2 potions of cancellation {!q}
 u - 6 potions of brilliance
 A - 9 potions of flight
 C - a potion of haste
 D - 3 potions of lignification
 F - 3 potions of berserk rage {!q}
 L - a potion of resistance
Miscellaneous
 h - a box of beasts
 J - a lightning rod (4/4)
 N - a phial of floods
Comestibles
 b - 52 rations


   Skills:
 - Level 10.0 Fighting
 - Level 14.0 Dodging
 - Level 16.0 Stealth
 - Level 13.0 Spellcasting
 + Level 14.9 Conjurations
 - Level 4.0 Summonings
 - Level 11.2 Translocations
   Level 2.0 Fire Magic
   Level 3.0 Ice Magic
 - Level 12.0 Air Magic
 - Level 2.0 Poison Magic
 - Level 8.0 Evocations


You had 2 spell levels left.
You knew the following spells:

 Your Spells              Type           Power        Failure   Level  Hunger
a - Apportation           Tloc           ######       1%          1    None
b - Blink                 Tloc           N/A          1%          2    None
c - Conjure Ball Lightni  Conj/Air       ######....   1%          6    #####..
d - Orb of Destruction    Conj           ######....   2%          7    ######.
g - Passage of Golubria   Tloc           N/A          1%          4    None
n - Iskenderun's Mystic   Conj/Tloc      ######..     1%          4    None
q - Mephitic Cloud        Conj/Pois/Air  ######..     1%          3    None
u - Summon Butterflies    Summ           ####....     1%          1    None
w - Airstrike             Air            ######....   1%          4    None
x - Searing Ray           Conj           ######       0%          2    None
L - Lightning Bolt        Conj/Air       ######....   1%          5    ###....

Your spell library contained the following spells:

 Spells                   Type           Power        Failure   Level  Hunger
 Tornado                  Air            ######....   99%         9    #######
 Absolute Zero            Ice            ####......   100%        9    #######
 Fire Storm               Conj/Fire      ######....   100%        9    #######
 Magic Dart               Conj           ####         0%          1    None
 Foxfire                  Conj/Fire      ####         1%          1    None
 Sandblast                Erth           ###...       1%          1    None
 Summon Small Mammal      Summ           ####         1%          1    None
 Call Imp                 Summ           ####....     1%          2    None
 Animate Skeleton         Necr           N/A          4%          1    None
 Beastly Appendage        Tmut           ###...       4%          1    None
 Corona                   Hex            ###....      4%          1    None
 Pain                     Necr           ###.         4%          1    None
 Passwall                 Tmut/Erth      ###.....     6%          2    None
 Slow                     Hex            ###.....     6%          2    None
 Sticks to Snakes         Tmut           ###.....     6%          2    None
 Conjure Flame            Conj/Fire      ######..     1%          3    None
 Dazzling Flash           Conj/Hex       #####.       1%          3    None
 Gell's Gravitas          Tloc           ######....   1%          3    None
 Lesser Beckoning         Tloc           ######....   1%          3    None
 Stone Arrow              Conj/Erth      #####.       1%          3    None
 Fulminant Prism          Conj/Hex       #####.....   1%          4    None
 Sticky Flame             Conj/Fire      ######..     1%          4    None
 Summon Lightning Spire   Summ/Air       ######..     1%          4    None
 Fireball                 Conj/Fire      ######....   1%          5    ###....
 Call Canine Familiar     Summ           ####....     2%          3    None
 Inner Flame              Hex/Fire       ###.....     2%          3    None
 Spider Form              Tmut/Pois      ###.......   9%          3    None
 Tukima's Dance           Hex            ###.....     12%         3    None
 Vampiric Draining        Necr           ###.......   12%         3    None
 Ice Form                 Ice/Tmut       ###.....     22%         4    None
 Lee's Rapid Deconstruct  Erth           ###.......   28%         5    ###....
 Animate Dead             Necr           N/A          38%         4    None
 Cause Fear               Hex            ###.......   38%         4    None
 Leda's Liquefaction      Hex/Erth       ###.......   38%         4    None
 Petrify                  Tmut/Erth      ###.....     38%         4    None
 Alistair's Intoxication  Tmut/Pois      ###.....     58%         5    ###....
 Agony                    Necr           ###.....     75%         5    ###....
 Blade Hands              Tmut           ###.......   75%         5    ###....
 Shadow Creatures         Summ           N/A          77%         6    #####..
 Disjunction              Tloc           ######....   95%         8    #######
 Invisibility             Hex            ###.....     99%         6    #####..
 Portal Projectile        Hex/Tloc       Unusable     N/A         3    N/A
 Excruciating Wounds      Chrm/Necr      Unusable     N/A         5    N/A

Dungeon Overview and Level Annotations

Branches:
Dungeon (15/15)            Temple (1/1) D:5            Lair (6/6) D:9
 Shoals (4/4) Lair:3        Snake (2/4) Lair:2        Slime (0/5) Lair:5
    Orc (2/2) D:10            Elf (2/3) Orc:2        Vaults (0/5) D:13
 Depths (1/5) D:15          Sewer (visited)         Ossuary (visited)
 Bailey (visited)         Volcano (visited)

Altars:
Ashenzari
Cheibriados
Dithmenos
Elyvilon
Fedhas
Gozag
Hepliaklqana
Kikubaaqudgha
Makhleb
Nemelex Xobeh
Okawaru
Qazlal
Ru
Sif Muna
Trog
Uskayaw
Vehumet
Wu Jian
Xom
Yredelemnul
Zin
The Shining One
Beogh
Jiyva

Shops:
D:10 (   D:14 %   Orc:1 *}}?   Orc:2 (=[:   Shoals:1 ?   Shoals:3 ?
Depths:1 ?

Annotations:
D:15 exclusion: downstairs
Lair:1 MAPPED
Lair:4 2 runed translucent doors; pot lig, Libuhoy's ghost, journeyman DEFE
Lair:6 MAPPED
Shoals:2 exclusion: 2 downstairs
Shoals:3 1 runed translucent door, Ilsuiw
Shoals:4 MAPPED, exclusion: upstairs
Snake:1 exclusion: 2 downstairs
Elf:2 exclusion: deep elf blademaster
Depths:1 MAPPED, Sojobo


Innate Abilities, Weirdness & Mutations

You cannot wear armour.
You are incapable of wielding weapons or throwing items.
Your paws allow you to move quietly. (Stealth)
You have sharp claws.
You have razor-sharp teeth.
You have supernaturally acute eyesight. (SInv)
You are carnivorous and can eat meat at any time.
You cover ground quickly.
Your thick and shaggy fur keeps you warm. (AC +3, rC+)
You have a slow metabolism.
Your sharp claws are effective at attacking unaware monsters.


Message History

You climb upwards.
There is a stone staircase leading down here.
There is a fountain of sparkling water here.
There is a stone staircase leading up here.
You climb upwards.
There is a stone staircase leading down here.
There is a stone staircase leading up here.
You climb upwards.
There is a stone staircase leading down here.
You see here an arbalest.
You see here a pair of glowing gloves.
There is a stone staircase leading up here.
You climb upwards.
There is a stone staircase leading down here.
There is a stone staircase leading up here.
You climb upwards.
There is a stone staircase leading down here.
There is a staircase leading out of the dungeon here.
Are you sure you want to leave the Dungeon?
This will make you lose the game!
You have escaped!

......................#
###..######.........###
.###.# #.........#
.##..# #.........#
.#.#.# #...♣.....#
..##.# #....8....#
.....# #.........#
.###.# #.........# .#
#)######.....@...# .#
#................#
>###.#####.......####
.....# ######### .#####
.# .# ##


There were no monsters in sight!

Vanquished Creatures
  Nikola (Shoals:2)
  Jorgrun (Snake:1)
  Frances (Elf:1)
  Gastronok (D:12)
  Kirke (D:14)
  Donald (Snake:1)
  A frost giant (Depths:1)
  2 fire giants
  Aizul (Snake:2)
  Louise (Shoals:1)
  A stone giant (Depths:1)
  Azrael (D:12)
  Snorg (D:13)
  An ettin (Depths:1)
  A merfolk impaler (Shoals:1)
  2 ogre magi (Depths:1)
  A deep elf high priest (Elf:1)
  2 ice dragons
  8 hydras
  2 naga warriors (Snake:2)
  A vault guard (D:13)
  7 centaur warriors
  3 catoblepae
  3 anacondas
  A merfolk avatar (Shoals:2)
  9 two-headed ogres
  A deep troll shaman (Lair:6)
  20 dancing weapons
  A satyr (Shoals:3)
  3 naga sharpshooters (Snake:2)
  3 orc high priests (Orc:2)
  4 death yaks
  11 deep elf knights
  5 shock serpents
  A sun demon (Volcano)
  Nergalle (Lair:2)
  A hell knight (Volcano)
  A large abomination (Elf:1)
  A deep troll (Depths:1)
  9 sea snakes
  3 naga ritualists (Snake:2)
  2 unseen horrors
  4 mana vipers
  11 harpies
  7 orc knights
  A lindwurm (Lair:1)
  10 deep elf archers
  An oklob plant (Lair:1)
  An orb spider (Orc:2)
  43 deep elf magi
  3 orc sorcerers (Orc:2)
  16 fauns
  A harpy (shapeshifter) (D:15)
  13 ugly things
  2 salamanders
  6 cyclopes
  7 manticores
  11 elephants
  A salamander (shapeshifter) (Depths:1)
  10 naga magi
  5 merfolk sirens
  A guardian serpent (Snake:2)
  2 water nymphs (Shoals:2)
  4 centaur skeletons
  A torpor snail (Lair:6)
  20 black mambas
  2 gargoyles
  14 spiny frogs
  A kobold demonologist (D:9)
  9 komodo dragons
  A rime drake (Lair:3)
  2 hellwings (Depths:1)
  4 trolls
  A red devil (Volcano)
  A tengu conjurer (D:14)
  5 merfolk
  A polar bear (Lair:6)
  3 meliai (D:12)
  8 blink frogs
  Prince Ribbit (D:7)
  A hippogriff (shapeshifter) (Depths:1)
  2 snapping turtles
  12 dream sheep
  16 hippogriffs
  A meliai zombie (D:15)
  4 air elementals
  46 yaks
  2 water elementals
  5 wyverns
  3 wraiths
  2 shadows
  5 fire elementals
  A basilisk (shapeshifter) (Elf:1)
  A fire bat (Volcano)
  4 basilisks
  4 hungry ghosts
  3 vampire mosquitoes
  11 nagas
  A soldier ant (D:12)
  4 wargs
  4 acid dragons
  16 water moccasins
  7 porcupines
  6 hell hounds
  A phantom (D:2)
  24 orc warriors
  3 ice beasts
  An eye of draining (D:12)
  4 sky beasts
  4 black bears
  21 centaurs
  3 necrophages
  21 ogres
  2 boggarts (D:15)
  15 wolves
  8 crocodiles
  6 big kobolds
  6 earth elementals (D:14)
  10 bullfrogs
  A wyvern zombie (D:14)
  A water moccasin skeleton (D:7)
  2 scorpions
  13 wights
  10 killer bees
  4 electric eels
  5 howler monkeys
  5 centaur zombies
  11 crimson imps
  11 hounds
  3 lava snakes (Volcano)
  A quasit (D:12)
  3 jellies
  A bullfrog zombie (D:13)
  2 bullfrog skeletons
  10 orc priests
  17 orc wizards
  7 iguanas
  7 worker ants
  A mummy (D:7)
  2 worker ant zombies
  4 gnolls (D:5)
  17 adders
  A howler monkey skeleton (D:6)
  2 river rats
  A shadow imp (D:12)
  8 oozes
  2 adder skeletons (D:9)
  10 worms
  A dart slug (D:1)
  An adder simulacrum (D:9)
  4 leopard geckos
  91 orcs
  3 bats
  4 giant cockroaches
  7 goblins
  9 hobgoblins
  2 jackals (D:5)
  5 quokkas
  3 ball pythons
  5 frilled lizards
  2 jackal skeletons
  36 kobolds
  A quokka skeleton (D:5)
  A quokka zombie (D:5)
  16 rats
  A butterfly (D:5)
  5 plants
1005 creatures vanquished.

Vanquished Creatures (collateral kills)
  A ball lightning (Lair:1)
1 creature vanquished.

Vanquished Creatures (others)
  121 ball lightnings
  A human (D:14)
  A water moccasin (Lair:2)
  An ice beast (D:14)
  A jelly (D:12)
  A bush (Lair:6)
  20 fungi
  26 plants
  7 toadstools (D:4)
179 creatures vanquished.

Grand Total: 1185 creatures vanquished

Notes
Turn   | Place    | Note
-------+----------+-------------------------------------------
     0 | D:1      | Glorfindel the Felid Conjurer began the quest for the Orb.
     0 | D:1      | Reached XP level 1. HP: 7/7 MP: 4/4
     3 | D:1      | //stone here
   262 | D:1      | Reached skill level 3 in Stealth
   561 | D:1      | Reached XP level 2. HP: 9/11 MP: 0/6
   583 | D:1      | Learned a level 2 spell: Searing Ray
   718 | D:1      | //2 rings
  1018 | D:1      | //[CiM 19]
  1077 | D:2      | You fall into a shaft and drop 2 floors!
  1083 | D:4      | Found a burning altar of Makhleb.
  1096 | D:4      | Reached skill level 4 in Stealth
  1096 | D:4      | Reached XP level 3. HP: 14/14 MP: 3/7
  1097 | D:4      | //Int
  1142 | D:3      | //[haunst.]
  1305 | D:2      | Found a basalt altar of Yredelemnul.
  1386 | D:2      | Reached XP level 4. HP: 18/18 MP: 5/8
  1577 | D:2      | //ray *very* good for lev 2 (and nice with cat speed)
  1916 | D:2      | Noticed a phantom
  2012 | D:2      | Killed a phantom
  2012 | D:2      | Reached skill level 5 in Stealth
  2012 | D:2      | Reached skill level 5 in Conjurations
  2012 | D:2      | Reached XP level 5. HP: 21/21 MP: 4/10
  2205 | D:2      | //[it.]
  2495 | D:3      | //[mus]
  2663 | D:3      | //[mm]
  2809 | D:3      | //[just bl]
  3181 | D:4      | Reached skill level 6 in Stealth
  3181 | D:4      | Gained mutation: You are covered in thick fur. (AC +2)
                  | [Felid growth]
  3181 | D:4      | Reached XP level 6. HP: 25/25 MP: 6/11
  3182 | D:4      | //Int
  3287 | D:4      | Reached skill level 1 in Fighting
  3729 | D:4      | //3 ids
  3730 | D:4      | //+4 ring prot!
  3731 | D:4      | //... and ring rN+
  3731 | D:4      | //6/19, sounds better than before
  3835 | D:4      | //[df]
  3961 | D:4      | //jelly pit behind kobold pit, scroll
  4278 | D:4      | Found an ornate altar of the Wu Jian Council.
  4495 | D:5      | Entered Level 5 of the Dungeon
  4498 | D:5      | Found a sparkling altar of Nemelex Xobeh.
  4502 | D:5      | Reached skill level 7 in Stealth
  4505 | D:5      | Reached XP level 7. HP: 30/30 MP: 2/12
  4506 | D:5      | //[re fin]
  4584 | D:5      | Found a shattered altar of Ashenzari.
  4585 | D:5      | Found a staircase to the Ecumenical Temple.
  4728 | D:5      | //book Necro
  4819 | D:5      | Reached skill level 8 in Stealth
  4848 | Temple   | Entered the Ecumenical Temple
  4965 | D:5      | Found a hazy altar of Hepliaklqana.
  5139 | D:5      | Reached skill level 5 in Dodging
  5158 | Temple   | Became a worshipper of Vehumet
  5299 | D:5      | Reached skill level 1 in Evocations
  5335 | D:5      | Found a shimmering altar of Xom.
  5530 | D:5      | //clouds
  5615 | D:5      | Found a bloodstained altar of Trog.
  5723 | D:5      | Reached XP level 8. HP: 15/33 MP: 7/14
  6074 | D:5      | //bear pit
  6160 | D:6      | //sewer
  6273 | D:6      | //ring rCorr
  6394 | D:6      | Found a glowing drain.
  6454 | Sewer    | Entered a sewer
  6585 | Sewer    | Reached * piety under Vehumet
  6585 | Sewer    | Offered knowledge of Freeze by Vehumet.
  6614 | Sewer    | Learned a level 1 spell: Freeze
  6930 | Sewer    | //[nib.]
  6973 | Sewer    | Reached skill level 1 in Ice Magic
  7361 | D:7      | //bailey and ossuary
  7377 | D:7      | Found a sand-covered staircase.
  7380 | D:7      | //oss just here
  7382 | D:7      | Noticed Prince Ribbit
  7423 | D:7      | Killed Prince Ribbit
  7448 | Ossuary  | Entered an ossuary
  7472 | D:7      | //crazy
  7472 | D:7      | //at least escaped with invis
  7487 | D:7      | Reached skill level 9 in Stealth
  7488 | D:7      | //mark btw
  7575 | D:7      | Found a flagged portal.
  7576 | D:7      | //there we are!
  7591 | Bailey   | Entered a bailey
  7599 | D:7      | //no thank you
  7621 | D:7      | Reached XP level 9. HP: 37/37 MP: 14/16
  7622 | D:7      | //Int
  7664 | D:7      | Reached ** piety under Vehumet
  7664 | D:7      | Reached skill level 10 in Stealth
  7664 | D:7      | Offered knowledge of Foxfire by Vehumet.
  7761 | D:7      | //[hrb]
  8121 | D:7      | Found a glowing golden altar of the Shining One.
  8177 | D:7      | Reached skill level 11 in Stealth
  8443 | D:7      | //[hdh]
  8553 | D:7      | Reached skill level 12 in Stealth
  8818 | D:8      | //[has]
  9108 | D:8      | Found a stormy altar of Qazlal.
  9129 | D:8      | Reached skill level 5 in Evocations
  9224 | D:8      | //[magg 2c]
 10129 | D:9      | Reached XP level 10. HP: 36/42 MP: 17/17
 10162 | D:9      | Offered knowledge of Conjure Flame by Vehumet.
 10167 | D:9      | Learned a level 3 spell: Conjure Flame
 10201 | D:9      | //new conj flame good but easier to cast
 10263 | D:9      | Found an iron altar of Okawaru.
 10317 | D:9      | Reached skill level 1 in Fire Magic
 10419 | D:9      | Reached *** piety under Vehumet
 10481 | D:9      | //***
 10525 | D:9      | Identified the +7 rapier of Watchfulness {freeze, rN+}
 10873 | D:9      | //[Mm]
 10918 | D:9      | Found a staircase to the Lair.
 11132 | D:9      | Noticed a centaur warrior
 11142 | D:9      | Killed a centaur warrior
 11142 | D:9      | Reached skill level 5 in Spellcasting
 11564 | D:9      | Offered knowledge of Mephitic Cloud by Vehumet.
 11579 | D:9      | Learned a level 3 spell: Mephitic Cloud
 11607 | D:9      | Reached skill level 1 in Air Magic
 11607 | D:9      | Reached skill level 1 in Poison Magic
 11613 | D:9      | Noticed a five-headed hydra
 11660 | D:10     | Entered Level 10 of the Dungeon
 12591 | D:10     | Reached **** piety under Vehumet
 12592 | D:10     | //oh nice, ray 5 now
 12985 | D:10     | Reached XP level 11. HP: 46/46 MP: 4/19
 13113 | D:10     | Found Warijukk's Weapon Shop.
 13139 | D:10     | Noticed an orc knight
 13153 | D:10     | an orc knight changed into a basilisk
 13228 | D:10     | Found a staircase to the Orcish Mines.
 13240 | D:10     | //weapon shop at mines
 13271 | D:10     | Noticed a two-headed ogre
 13281 | D:10     | Killed a two-headed ogre
 13447 | D:10     | Reached skill level 5 in Fighting
 13462 | D:10     | Offered knowledge of Airstrike by Vehumet.
 13523 | D:10     | Learned a level 4 spell: Airstrike
 13591 | D:11     | //exec axe
 13705 | D:11     | Noticed a purple ugly thing
 13825 | Lair:1   | Entered Level 1 of the Lair of Beasts
 13826 | Lair:1   | //volcano
 13826 | Lair:1   | //D too dangerous bc of bees
 13827 | Lair:1   | //-> mapped
 13849 | Lair:1   | Noticed an oklob plant
 13868 | Lair:1   | Found a dark tunnel.
 13868 | Lair:1   | Noticed a lindwurm
 13876 | Lair:1   | Killed a lindwurm
 13989 | Volcano  | Entered a volcano
 14220 | Volcano  | Found a radiant altar of Vehumet.
 14220 | Volcano  | Noticed a sun demon
 14221 | Volcano  | //ouch
 14225 | Volcano  | Killed a sun demon
 14225 | Volcano  | Reached skill level 5 in Air Magic
 14226 | Volcano  | //lucky wand clouds -> ice
 14254 | Volcano  | Noticed a hell knight
 14269 | Volcano  | Killed a hell knight
 14421 | Volcano  | //telep out
 14425 | Volcano  | //gargoyle too tough
 14425 | Volcano  | //didn't check meph though
 15644 | Lair:2   | Reached skill level 10 in Conjurations
 15651 | Lair:2   | //tele doesn't kick in!
 15652 | Lair:2   | //now, with 4 HP
 15747 | Lair:2   | //I just want to the stairs up!
 15939 | Lair:2   | //finally full HP
 16212 | Lair:2   | //airstrike vs mamba
 16535 | Lair:2   | Gained mutation: Your thick and shaggy fur keeps you warm.
                  | (AC +3, rC+) [Felid growth]
 16535 | Lair:2   | Reached XP level 12. HP: 51/51 MP: 19/22
 16536 | Lair:2   | //INt
 16666 | Lair:2   | //-> airstrike (vs mocc. e.g.), then ray
 17008 | Lair:2   | Noticed Nergalle
 17020 | Lair:2   | Killed Nergalle
 17319 | Lair:2   | Found a staircase to the Snake Pit.
 17783 | Lair:3   | Found a staircase to the Shoals.
 17907 | Lair:3   | //Changes
 17948 | Lair:3   | Noticed a four-headed hydra
 18119 | Lair:3   | Killed a four-headed hydra
 18402 | Lair:3   | //croco [ -> ]
 18529 | Lair:3   | //X level
 18609 | Lair:3   | Noticed an ice dragon
 18626 | Lair:3   | Killed an ice dragon
 18627 | Lair:3   | //cloud + airstr vs ice drg (!)
 18697 | Lair:3   | //disapp. loot
 18963 | Lair:4   | //[brem2]
 19211 | Lair:4   | Found a large runed translucent door.
 19211 | Lair:4   | Found a large runed translucent door.
 19212 | Lair:4   | Noticed Libuhoy's ghost (journeyman DEFE)
 19552 | Lair:4   | Reached ***** piety under Vehumet
 19558 | Lair:4   | Offered knowledge of Lee's Rapid Deconstruction by Vehumet.
 19559 | Lair:4   | //LRD - well, it's air this time
 19676 | Lair:4   | //check scrolls!
 19679 | Lair:4   | //-> blink
 19777 | Lair:5   | Found a viscous altar of Jiyva.
 19777 | Lair:5   | Found a staircase to the Slime Pits.
 19779 | Lair:5   | Noticed Urug
 19781 | Lair:5   | Noticed Urug
 19781 | Lair:5   | Urug changed into Urug the komodo dragon
 19782 | Lair:5   | //urug the komodo dragon :-)
 19789 | Lair:5   | Killed Urug the komodo dragon
 20100 | Lair:5   | Reached skill level 13 in Stealth
 20207 | Lair:5   | //Minor Magic
 20210 | Lair:5   | Learned a level 2 spell: Blink
 20223 | Lair:5   | Noticed a five-headed hydra
 20225 | Lair:5   | Reached skill level 1 in Translocations
 20250 | Lair:5   | Killed a five-headed hydra
 20250 | Lair:5   | Reached XP level 13. HP: 57/57 MP: 9/26
 20581 | Lair:4   | //elephants tough as always
 20717 | Lair:5   | //and there are dYaks :-|
 20742 | Lair:6   | Entered Level 6 of the Lair of Beasts
 20744 | Lair:6   | //mapped, new cato ending
 21481 | Lair:6   | //box
 22157 | Lair:6   | Reached skill level 10 in Air Magic
 23585 | Lair:6   | //stupid
 23590 | Lair:6   | //icebear berserking...
 23915 | Lair:6   | Offered knowledge of Starburst by Vehumet.
 24021 | Lair:6   | Reached skill level 10 in Spellcasting
 24077 | Lair:6   | //meph -> cato gores itself!!
 24284 | Lair:6   | //[20]
 25102 | Lair:6   | Reached skill level 10 in Dodging
 25462 | Lair:6   | //+2 ring prot
 25462 | Lair:6   | //9/26
 25471 | Lair:6   | //Phial
 25471 | Lair:6   | //[hs]
 25471 | Lair:6   | //*no* shops up to now!
 25906 | D:11     | Reached XP level 14. HP: 44/62 MP: 6/29
 25908 | D:11     | //WOW - airstrike vs bees!
 26445 | D:11     | //wow, airstrike vs acid dr
 27153 | D:12     | Noticed Gastronok
 27548 | D:12     | Reached skill level 5 in Translocations
 27633 | D:12     | //[-> MK]
 28241 | D:12     | //meli: haste + strike
 28571 | D:12     | Noticed Azrael
 28608 | D:12     | Killed Azrael
 29030 | D:12     | //what's going on here?
 29030 | D:12     | //mines?
 29167 | D:12     | Found a roughly hewn altar of Beogh.
 29191 | D:12     | //only Beogh altar!
 29344 | D:12     | Killed Gastronok
 29345 | D:12     | //haste + 3 scatter
 29529 | D:13     | Found a white marble altar of Elyvilon.
 29552 | D:13     | Reached skill level 10 in Fighting
 30080 | D:13     | Noticed Snorg
 30121 | D:13     | Killed Snorg
 30122 | D:13     | //phew
 30260 | D:13     | Reached ****** piety under Vehumet
 30262 | D:13     | Offered knowledge of Lightning Bolt by Vehumet.
 30269 | D:13     | Learned a level 5 spell: Lightning Bolt
 30434 | D:13     | //elec bolts vs yaks
 31454 | D:13     | Found a gate to the Vaults.
 31486 | D:13     | //***
 31692 | D:14     | Noticed Kirke
 31838 | D:15     | Entered Level 15 of the Dungeon
 31850 | D:15     | Found a staircase to the Depths.
 31850 | D:15     | Noticed a fire giant
 32178 | D:15     | //ring rPois
 32586 | D:14     | Reached XP level 15. HP: 47/69 MP: 12/30
 32587 | D:14     | //Int
 32717 | D:14     | Killed Kirke
 32718 | D:14     | //pig -> used another scatter
 33167 | D:14     | Found Agionacs's Food Shop.
 33544 | D:10     | //***
 33549 | D:10     | Learned a level 4 spell: Iskenderun's Mystic Blast
 33551 | Orc:1    | Entered Level 1 of the Orcish Mines
 33603 | Orc:1    | Found Kacwick's Assorted Antiques.
 33623 | Orc:1    | Bought a thin bronze amulet for 130 gold pieces
 33623 | Orc:1    | Bought a scroll of identify for 52 gold pieces
 33625 | Orc:1    | //cheap amu was +6 refl
 33625 | Orc:1    | Bought a scroll labeled QOCSYAVV JUTEJUI for 26 gold pieces
 33632 | Orc:1    | Found Femm's Gadget Emporium.
 33838 | Orc:1    | Found Wetwac's Magic Scroll Shop.
 33849 | Orc:1    | Bought a scroll of fear for 45 gold pieces
 33849 | Orc:1    | Bought a scroll of identify for 26 gold pieces
 33849 | Orc:1    | Bought a scroll of blinking for 97 gold pieces
 33850 | Orc:1    | Bought a scroll of identify for 26 gold pieces
 33879 | Orc:1    | Found Zyr Xosh's Gadget Shop.
 33882 | Orc:1    | You fall into a shaft and drop 1 floor!
 33882 | Orc:2    | Entered Level 2 of the Orcish Mines
 33977 | Orc:1    | Bought a scroll of teleportation for 39 gold pieces
 34474 | Orc:2    | Noticed Sonja
 34475 | Orc:2    | Noticed Sonja
 34475 | Orc:2    | Sonja changed into Sonja the orb spider
 34479 | Orc:2    | Killed Sonja the orb spider
 34482 | Orc:2    | //4 airstrikes vs orb spider sonja
 34733 | Orc:2    | Found a staircase to the Elven Halls.
 34759 | Orc:2    | Offered knowledge of Spellforged Servitor by Vehumet.
 34760 | Orc:2    | //not sure about servitor
 34762 | Orc:2    | //summ. only apt 0
 35725 | Orc:2    | Reached skill level 14 in Stealth
 36061 | Orc:2    | //airstriking often here
 36063 | Orc:2    | Paralysed by an orc sorcerer for 6 turns
 36070 | Orc:2    | //Phew, para and 5 HP left - but another airstrike
 36376 | Orc:2    | //only standard MR++
 36695 | Orc:2    | Found Mudeex's Antique Weapon Shop.
 36695 | Orc:2    | Found Wiox Men's Book Shoppe.
 36697 | Orc:2    | Found Cocsetwurgha's Armour Shoppe.
 36697 | Orc:2    | Found Tuunk's Jewellery Shop.
 36703 | Orc:2    | //could go many ways...
 36711 | Orc:2    | //PoG and invis spells would be in shop
 36711 | Orc:2    | Upgraded the game from 0.25-a0-875-geaba134f46 to
                  | 0.25-a0-890-g62861fb195
 36714 | Orc:2    | Bought the Grimoire of Translocation and Good Luck for 1085
                  | gold pieces
 36716 | Orc:2    | Learned a level 1 spell: Apportation
 36721 | Orc:2    | Learned a level 4 spell: Passage of Golubria
 36724 | Orc:2    | Bought an uncursed amulet of magic regeneration for 390
                  | gold pieces
 36728 | Orc:2    | Bought an uncursed ring of magical power for 260 gold
                  | pieces
 36761 | Elf:1    | Entered Level 1 of the Elven Halls
 36768 | Elf:1    | //good telep
 36884 | Elf:1    | //MPRegen 0.52/turn
 36884 | Elf:1    | //with ring mag power: 40 MP
 36898 | Elf:1    | //elec bolt - not sure about it
 36913 | Elf:1    | //still ray is good
 37418 | Elf:1    | Reached skill level 10 in Translocations
 37657 | Elf:1    | //mostly airstrike here
 37722 | Elf:1    | Found a radiant altar of Vehumet.
 37798 | Elf:1    | //strong vs weapons
 38119 | Elf:1    | Identified the Guide on the Entourage
 38121 | Elf:1    | //mhmm, some summonings
 38123 | Elf:1    | Learned a level 1 spell: Summon Butterflies
 38152 | Elf:1    | Noticed Frances
 38263 | Elf:1    | Killed Frances
 38264 | Elf:1    | //dangerous
 38953 | Elf:2    | Found a large runed translucent door.
 38953 | Elf:2    | Found a large runed translucent door.
 38963 | Elf:2    | Found a large runed translucent door.
 38963 | Elf:2    | Found a large runed translucent door.
 39077 | Elf:2    | Reached XP level 16. HP: 73/73 MP: 23/33
 39163 | Elf:2    | Reached skill level 15 in Stealth
 39164 | Elf:2    | //*** Unseen ***
 39175 | Elf:2    | Offered knowledge of Conjure Ball Lightning by Vehumet.
 39178 | Elf:2    | //wow
 39188 | Elf:2    | Learned a level 6 spell: Conjure Ball Lightning
 39270 | Elf:2    | Noticed a deep elf blademaster
 39419 | Elf:2    | //blademaster in hall of blades
 40636 | Elf:2    | //IMB - knock back
 40639 | Elf:2    | //phew
 42273 | D:14     | //e elemental strange
 42554 | D:14     | //Transfig would be statue form = rElec = CBL
 43542 | Shoals:1 | Entered Level 1 of the Shoals
 43593 | Shoals:1 | Found Zogaots's Magic Scroll Shoppe.
 43603 | Shoals:1 | Bought a scroll of blinking for 120 gold pieces
 43896 | Shoals:1 | Noticed Louise
 43913 | Shoals:1 | Killed Louise
 44009 | Shoals:1 | //not really sure about skilling atm
 44689 | Shoals:1 | //well, go for air and possibly tornado
 44715 | Shoals:2 | Offered knowledge of Orb of Destruction by Vehumet.
 44719 | Shoals:1 | //wow
 44719 | Shoals:1 | //OOD would be 8% fail, go for conj
 44730 | Shoals:1 | Learned a level 7 spell: Orb of Destruction
 44730 | Shoals:1 | //special prompt for forgetting a spell (not in lib)
 44730 | Shoals:1 | //but forgot conj flame, mag dart and freeze
 44969 | Shoals:2 | //Geomancy
 45087 | Shoals:2 | Identified Sif Muna's Catalogue of the Aerial Traveller
 45092 | Shoals:2 | Identified a scroll of acquirement
 45093 | Shoals:2 | //id acqu - thought so
 45096 | Shoals:2 | //acqu 2.7 k
 45096 | Shoals:2 | //didn't go for amu regen or Spatial tLoc
 45096 | Shoals:2 | //and I could buy a new scroll acqu :-)
 45096 | Shoals:2 | //but invis seems really good
 45123 | Shoals:2 | Identified the +3 pair of gloves of Midsummer {Dex+3 SInv}
 45123 | Shoals:2 | Noticed Nikola
 45136 | Shoals:2 | //first check cbl - but nikola res
 45136 | Shoals:2 | //arc blade
 45142 | Shoals:2 | Killed Nikola
 45142 | Shoals:2 | Reached XP level 17. HP: 63/76 MP: 34/34
 45178 | Shoals:2 | //yes, cbl strong but you want rElec
 45259 | Shoals:1 | Bought a scroll of acquirement for 832 gold pieces
 45260 | Shoals:1 | Identified the amulet of Uskayaw's Hope {rElec rPois MR-
                  | Regen+ Str+3} (You acquired it on level 1 of the Shoals)
 45264 | Shoals:1 | //so there's rElec and rPois (but MR-)
 45265 | Shoals:1 | Bought a scroll of teleportation for 48 gold pieces
 45265 | Shoals:1 | Bought a scroll of magic mapping for 56 gold pieces
 45265 | Shoals:1 | Bought a scroll of teleportation for 48 gold pieces
 45265 | Shoals:1 | Bought a scroll of fog for 32 gold pieces
 45486 | Orc:1    | Bought 2 potions of curing for 156 gold pieces
 45486 | Orc:1    | Bought a potion of haste for 260 gold pieces
 45486 | Orc:1    | Bought a scroll of amnesia for 91 gold pieces
 45486 | Orc:1    | Bought a potion of curing for 78 gold pieces
 45568 | Orc:2    | Bought a book of Party Tricks for 550 gold pieces
 45841 | Lair:1   | //cbl vs oklob :-)
 45856 | Lair:1   | Found a white marble altar of Elyvilon.
 46249 | Shoals:3 | Noticed Ilsuiw
 46278 | Shoals:3 | //stupid snapping
 46284 | Shoals:3 | //good telep
 46545 | Shoals:4 | Entered Level 4 of the Shoals
 46563 | Shoals:4 | //Oh, shoals:4 already!
 46563 | Shoals:4 | //Just went down...
 46685 | Shoals:3 | //and ok
 46699 | Shoals:3 | Found a runed translucent door.
 46821 | Shoals:3 | Found Cunerib's Magic Scroll Boutique.
 46824 | Shoals:3 | Bought a scroll of fear for 59 gold pieces
 46824 | Shoals:3 | Bought a scroll of fear for 59 gold pieces
 46824 | Shoals:3 | Bought a scroll of teleportation for 51 gold pieces
 46824 | Shoals:3 | Bought a scroll of fear for 59 gold pieces
 47373 | Depths:1 | Entered Level 1 of the Depths
 47392 | Depths:1 | //Mapped and found shops
 47398 | Depths:1 | Noticed Sojobo
 47399 | Depths:1 | //not good
 47409 | Depths:1 | Found Zaibitish's Magic Scroll Emporium.
 47533 | Depths:1 | //survived somehow
 48018 | Depths:1 | Reached skill level 16 in Stealth
 48033 | Depths:1 | Offered knowledge of Ignition by Vehumet.
 48034 | Depths:1 | //ignition is good but I have 2 skill in fire...
 48654 | Snake:1  | Entered Level 1 of the Snake Pit
 48777 | Snake:1  | Noticed Jorgrun
 49507 | Snake:1  | //airstrike does nearly everything atm
 49507 | Snake:1  | //OOD still 4% failure
 49679 | Snake:1  | Noticed Donald
 49686 | Snake:1  | Killed Donald
 49687 | Snake:1  | //2* balls elec vs donald
 49763 | Snake:1  | Killed Jorgrun
 49764 | Snake:1  | //phew - roots stupid
 50590 | Snake:2  | //multiple cast cbl works
 50593 | Snake:2  | HP: 2/76 [naga sharpshooter/arrow[Vashnia] (24)]
 50596 | Snake:2  | //airstrike with 3 HP left
 50736 | Snake:2  | //blew up sharpshooter :-) / but two more
 50747 | Snake:1  | //too dangerous with sharpshooter
 51081 | Shoals:3 | Hit by a silver javelin thrown by a merfolk javelineer
 51082 | Shoals:3 | Reached XP level 16. HP: -3/73 MP: 43/43
 51082 | Shoals:3 | //what
 51082 | Shoals:3 | //some silver javs and game over?
 51213 | Shoals:3 | //no
 51820 | Snake:2  | Offered knowledge of Fire Storm by Vehumet.
 51820 | Snake:2  | Offered knowledge of Tornado by Vehumet.
 51820 | Snake:2  | Offered knowledge of Absolute Zero by Vehumet.
 51821 | Snake:2  | //nado 99% failure, firestorm and AZ 100% failure
 52065 | Snake:2  | Noticed Aizul
 52074 | Snake:2  | Killed Aizul
 52074 | Snake:2  | HP: 2/73 [ball lightning[the player character] (4)]
 52485 | Snake:2  | //ood -> hunger
 52731 | Snake:2  | Reached XP level 17. HP: 64/76 MP: 35/35
 52835 | Snake:2  | Shot with a bolt by a naga sharpshooter
 52836 | Snake:2  | Reached XP level 16. HP: -4/73 MP: 22/43
 52844 | Snake:1  | //oh no
 53095 | D:$      | Got out of the dungeon alive.

Levels and vault maps discovered:
D:1:      wander_arrival_peaceful_grave, layout_loops_ring
D:2:      layout_loops_ring, lemuel_round_altar
D:3:      layout_loops_ring, first_ration
D:4:      cheibrodos_fertilizer, layout_loops_cross, lemuel_doored_altar,
          lemuel_round_altar
D:5:      black_bear_nest_2, layout_rooms, lemuel_coloured_pillars_altar,
          nemelex_xobeh_ov_fountains_minmay, nicolae_overflow_crystal_walls,
          chequers_temple_overflow_statue_of_worship,
          minmay_temple_entry_butterflies, mrwooster_statue_mirror,
          nrook_pool_corridor
D:6:      layout_cave_pools, gup_sewer_entry_bubbles
D:7:      layout_rooms, tso_metal_star, enter_bailey_2,
          nicolae_ossuary_entry_ruins, uniq_prince_ribbit1
D:8:      layout_basic, nicolae_qazlal_style_of_elements
D:9:      minmay_curly_fans, layout_basic, kennysheep_little_box,
          dpeg_oklobed_lair, blue_anna_alchemist [blue_anna_fruit_fields,
          blue_anna_fruit_fields]
D:10:     layout_basic, orc_david_3
D:11:     layout_long_grid
D:12:     kennysheep_room_grid, layout_layer_cave, special_room
          [special_room_orc], uniq_azrael, uniq_gastronok
D:13:     layout_basic, david_vaults_5, basic_altar, uniq_snorg
D:14:     minmay_distorted_concentric_squares, layout_cave_pools, serial_shops,
          kennysheep_mini, hangedman_cracks_in_the_wall, uniq_kirke
D:15:     grunt_enter_depths_giant_problem, layout_loops_cross, st_stairs_5
Temple:   jpeg_temple_clearing
Lair:1:   layout_regular_city, nicolae_volcano_entry_vermiform, basic_altar,
          grunt_megastairs_5, minmay_lair_oklob_chamber, lemuel_fruit_tree
Lair:2:   layout_small_grid, minmay_snake_entry_six_corridors, uniq_nergalle
Lair:3:   dragon1_lemuel, layout_hall_layers, minmay_shoals_entry_beasts,
          grunt_megastairs_3
Lair:4:   layout_roguey, ebering_ghost_disaster_area
Lair:5:   layout_roguey, slime_altar_1, serial_bayou_crossing, uniq_urug
Lair:6:   grunt_lair_end_beastmaster, layout_loops_ring
Shoals:1: layout_shoals, serial_shops, shop_scrolls, uniq_louise
Shoals:2: layout_shoals, nicolae_shoals_dead_sea_scrolls, uniq_nikola
Shoals:3: layout_shoals, ebering_ghost_xom, serial_shops,
          nicolae_shop_window_shopping, wheals_shoals_ruined_temple, uniq_ilsuiw
Shoals:4: shoals_end_simple, layout_shoals, gammafunk_ghost_berserking_beasts
Snake:1:  layout_onion, grunt_megastairs_4, uniq_jorgrun, uniq_donald
Snake:2:  layout_grid_maze, serial_bayou_shore_b, serial_bayou_shore_a,
          uniq_vashnia, uniq_aizul
Orc:1:    layout_caves, serial_shops,
          nicolae_shop_temple_entry_statues_fountains, shop_fountains,
          nicolae_shop_waterfront, nicolae_shop_statue_plus
Orc:2:    grunt_orc_tribal_feast, layout_diamond_mine, uniq_sonja
Elf:1:    eino_elf_arrival_sip, layout_gridlike, basic_altar,
          minmay_elf_demonology, uniq_frances
Elf:2:    layout_geoelf_grid, st_stairs_10, minivault_20, minivault_13
Depths:1: layout_big_octagon, abyss_entry, serial_shops,
          nicolae_shop_temple_entry_statues_fountains, hellmouth_3,
          minmay_door_square, kb_rosetta, minmay_shop_grove, grunt_megastairs_2,
          serial_bayou_shore_b, uniq_sojobo

Skill      XL: |  1  2  3  4  5  6  7  8  9 10 11 12 13 14 15 16 17 |
---------------+----------------------------------------------------+-----
Stealth        | 3 4 5 6 7 8 9 12 13 14 15 16 | 16.0
Conjurations   | 4 5 6 7 9 10 11 12 14 | 14.9
Spellcasting   | 3 4 5 6 8 10 12 13 | 13.0
Dodging        | 3 4 6 7 8 10 11 12 14 | 14.0
Fighting       | 2 3 4 5 7 10 | 10.0
Evocations     | 2 4 5 6 7 8 |  8.0
Ice Magic      | 3 |  3.0
Fire Magic     | 2 |  2.0
Air Magic      | 2 6 8 10 12 | 12.0
Poison Magic   | 2 |  2.0
Translocations | 3 4 7 10 11 | 11.2
Summonings     | 4 |  4.0

Action                   |  1- 3 |  4- 6 |  7- 9 | 10-12 | 13-15 | 16-18 || total
-------------------------+-------+-------+-------+-------+-------+-------++-------
Melee: Unarmed           |     9 |     3 |     8 |    12 |     6 |     4 ||    42
       Bite              |       |       |     2 |     3 |       |       ||     5
 Cast: Magic Dart        |    19 |     1 |     5 |     5 |     2 |       ||    32
       Searing Ray       |    16 |    52 |   108 |   163 |   208 |    29 ||   576
       Freeze            |       |       |     2 |    37 |    36 |       ||    75
       Conjure Flame     |       |       |       |    33 |    10 |     7 ||    50
       Airstrike         |       |       |       |    83 |   478 |   546 ||  1107
       Mephitic Cloud    |       |       |       |    13 |    69 |    31 ||   113
       Lightning Bolt    |       |       |       |       |    29 |    23 ||    52
       Blink             |       |       |       |       |     5 |       ||     5
       Passage of Golubr |       |       |       |       |     2 |    12 ||    14
       Conjure Ball Ligh |       |       |       |       |       |    59 ||    59
       Orb of Destructio |       |       |       |       |       |    20 ||    20
       Apportation       |       |       |       |       |       |    21 ||    21
       Iskenderun's Myst |       |       |       |       |       |     2 ||     2
Evoke: Wand              |       |       |    13 |    23 |    39 |     7 ||    82
       Lightning rod     |       |       |       |     3 |     3 |       ||     6
       Phial of floods   |       |       |       |       |     1 |     1 ||     2
       Box of beasts     |       |       |       |       |     1 |       ||     1
  Use: Scroll            |       |     5 |     4 |    15 |    22 |    23 ||    69
       Potion            |       |       |     1 |     5 |     9 |    13 ||    28
 Stab: Sleeping          |     3 |     3 |     5 |     1 |     2 |     3 ||    17
       Confused          |       |       |       |     1 |       |       ||     1
       Paralysed         |       |       |       |       |     1 |       ||     1
  Eat: Chunk             |     9 |     8 |    14 |    27 |    52 |    33 ||   143
       Ration            |       |       |       |       |       |     8 ||     8
Armor: Skin              |     1 |       |    16 |     7 |    28 |     7 ||    59
Dodge: Dodged            |    17 |    15 |    96 |   120 |   227 |   166 ||   641
Block: Other             |       |       |       |       |     4 |       ||     4
       Reflection        |       |       |       |       |     1 |       ||     1

Table legend:
 A = Non-vault XP
 B = Vault XP
 C = Vault XP percentage of total XP
 D = Non-vault monster count
 E = Vault monster count
 F = Vault count percentage of total count
                 A         B        C        D         E       F
            +---------+---------+-------+---------+---------+-------
      Total |  193202 |   96277 |  33.3 |     736 |     264 |  26.4
            +---------+---------+-------+---------+---------+-------
        D:1 |      29 |       0 |   0.0 |      19 |       0 |   0.0
        D:2 |     204 |       0 |   0.0 |      18 |       0 |   0.0
        D:3 |      68 |       0 |   0.0 |      22 |       0 |   0.0
        D:4 |     336 |     159 |  32.1 |      16 |      16 |  50.0
        D:5 |     935 |     126 |  11.9 |      27 |       1 |   3.6
        D:6 |     399 |      39 |   8.9 |      11 |       7 |  38.9
        D:7 |    2034 |     282 |  12.2 |      33 |       2 |   5.7
        D:8 |     473 |       0 |   0.0 |       9 |       0 |   0.0
        D:9 |    2215 |    2415 |  52.2 |      41 |       5 |  10.9
       D:10 |    3555 |     468 |  11.6 |      44 |       5 |  10.2
       D:11 |    2853 |       0 |   0.0 |      21 |       0 |   0.0
       D:12 |    7882 |    6974 |  46.9 |      43 |      45 |  51.1
       D:13 |    8181 |    4502 |  35.5 |      30 |       7 |  18.9
       D:14 |    7179 |    6757 |  48.5 |      17 |      17 |  50.0
       D:15 |   11655 |    1757 |  13.1 |      31 |       2 |   6.1
     Lair:1 |    1676 |    1502 |  47.3 |       8 |       4 |  33.3
     Lair:2 |    4822 |    3348 |  41.0 |      21 |      18 |  46.2
     Lair:3 |    2392 |    2379 |  49.9 |       6 |       6 |  50.0
     Lair:4 |    4064 |       0 |   0.0 |      19 |       0 |   0.0
     Lair:5 |    8229 |     372 |   4.3 |      22 |       1 |   4.3
     Lair:6 |   11638 |    8859 |  43.2 |      40 |      19 |  32.2
   Shoals:1 |   12048 |    1649 |  12.0 |      21 |       1 |   4.5
   Shoals:2 |    6195 |    3790 |  38.0 |      12 |       1 |   7.7
   Shoals:3 |   11737 |     747 |   6.0 |      25 |       2 |   7.4
   Shoals:4 |    1265 |       0 |   0.0 |       2 |       0 |   0.0
    Snake:1 |    9918 |    5807 |  36.9 |      21 |       4 |  16.0
    Snake:2 |   20704 |    3377 |  14.0 |      40 |       3 |   7.0
      Orc:1 |     652 |       0 |   0.0 |       5 |       0 |   0.0
      Orc:2 |    3637 |    8077 |  69.0 |      37 |      31 |  45.6
      Elf:1 |   10157 |   10222 |  50.2 |      18 |      14 |  43.8
      Elf:2 |   26046 |   16428 |  38.7 |      41 |      21 |  33.9
   Depths:1 |   10024 |    3531 |  26.0 |      16 |       5 |  23.8
      Sewer |       0 |     176 | 100.0 |       0 |      18 | 100.0
    Volcano |       0 |    2534 | 100.0 |       0 |       9 | 100.0
            +---------+---------+-------+---------+---------+-------
